[Event "GambitGuide"]
[Site "Internet Chess Club"]
[Date "2014.10.31"]
[Round "1"]
[White "JSBach"]
[Black "nihil95"]
[Result "1-0"]
[ICCResult "Black checkmated"]
[WhiteElo "1751"]
[BlackElo "1645"]
[Opening "Vienna: `Frankenstein-Dracula' variation"]
[ECO "C27"]
[NIC "VG.02"]
[Time "18:40:22"]
[TimeControl "120+12"]

1. e4 e5 2. Nc3 Nf6 3. Bc4 Nxe4 4. Qh5 Nd6 5. Bb3 Nc6 6. Nb5 g6 7. Qf3 f5 8.
Qd5 Qe7 9. Nxc7+ Kd8 10. Nxa8 b6 11. d3 b5 12. a4 Bb7 13. axb5 Nb4 14. Qc5
Bxg2 15. Qc7+ Ke8 16. Qb8+ Qd8 17. Nc7+ Ke7 18. Bg5# {Black checkmated} 1-0

[Event "GambitGuide"]
[Site "Internet Chess Club"]
[Date "2014.10.31"]
[Round "1"]
[White "JSBach"]
[Black "petzi"]
[Result "1-0"]
[ICCResult "Black resigns"]
[WhiteElo "1751"]
[BlackElo "2142"]
[Opening "Vienna: `Frankenstein-Dracula' variation"]
[ECO "C27"]
[NIC "VG.02"]
[Time "18:40:15"]
[TimeControl "120+12"]

1. e4 e5 2. Nc3 Nf6 3. Bc4 Nxe4 4. Qh5 Nd6 5. Bb3 Nc6 6. Nb5 g6 7. Qf3 f5 8.
Qd5 Qe7 9. Nxc7+ Kd8 10. Nxa8 b6 11. d3 Bb7 12. Nxb6 axb6 13. Qf3 Bg7 14.
Be3 Kc7 15. Bd5 Nd4 16. Bxd4 exd4+ 17. Ne2 Re8 18. Bxb7 Nxb7 19. Kf1 Nc5 20.
Re1 Bh6 21. Rb1 Qe6 22. Qg3+ Qd6 23. Qxd6+ Kxd6 24. Nxd4 Kd5 25. Nb5
{Black resigns}
1-0

[Event "GambitGuide"]
[Site "Internet Chess Club"]
[Date "2014.10.31"]
[Round "1"]
[White "JSBach"]
[Black "fearlessone"]
[Result "0-1"]
[ICCResult "White checkmated"]
[WhiteElo "1751"]
[BlackElo "1812"]
[Opening "Vienna: `Frankenstein-Dracula' variation"]
[ECO "C27"]
[NIC "VG.02"]
[Time "18:39:45"]
[TimeControl "120+12"]

1. e4 e5 2. Nc3 Nf6 3. Bc4 Nxe4 4. Qh5 Nd6 5. Bb3 Nc6 6. Nb5 g6 7. Qf3 f5 8.
Qd5 Qe7 9. Nxc7+ Kd8 10. Nxa8 b6 11. d3 Bb7 12. Nxb6 axb6 13. Qf3 Bg7 14.
Be3 Nd4 15. Qh3 g5 16. c3 Nxb3 17. Bxb6+ Kc8 18. axb3 h5 19. Ra7 f4 20. Nf3
g4 21. Qh4 Bf6 22. Bd8 Qxd8 23. Qxf6 Qxf6 24. Nd2 Bxg2 25. Rg1 Bb7 26. Rf1
Kb8 27. Ra1 f3 28. b4 Qf5 29. Ra5 Qxd3 30. Rxe5 Re8 31. Rxe8+ Nxe8 32. Kd1
Nd6 33. b5 Nc4 34. Kc1 Qxd2+ 35. Kb1 Qxb2# {White checkmated} 0-1

[Event "GambitGuide"]
[Site "Internet Chess Club"]
[Date "2014.10.31"]
[Round "1"]
[White "JSBach"]
[Black "joppie"]
[Result "1-0"]
[ICCResult "Black resigns"]
[WhiteElo "1754"]
[BlackElo "1684"]
[Opening "Vienna: `Frankenstein-Dracula' variation"]
[ECO "C27"]
[NIC "VG.02"]
[Time "18:40:36"]
[TimeControl "120+12"]

1. e4 e5 2. Nc3 Nf6 3. Bc4 Nxe4 4. Qh5 Nd6 5. Bb3 Nc6 6. Nb5 g6 7. Qf3 f5 8.
Qd5 Qe7 9. Nxc7+ Kd8 10. Nxa8 b6 11. d3 Bg7 12. Ba4 Bb7 13. Nxb6 axb6 14.
Qb3 Kc7 15. Be3 Nc8 16. Qb5 f4 17. Bd2 e4 18. Bxf4+ Kd8 19. Bg5 Bf6 20. Bxf6
Qxf6 21. dxe4 Re8 22. f3 g5 23. Rd1 g4 24. Qd5 Re7 25. Qg8+ Kc7 26. Qxg4 Ne5
27. Qg3 Kd8 28. Ne2 Nc4 29. Qg8+ Kc7 30. Qxc4+ Kd8 31. Qd4 Qg6 32. Bxd7
{Black resigns}
1-0

[Event "GambitGuide"]
[Site "Internet Chess Club"]
[Date "2014.10.31"]
[Round "1"]
[White "JSBach"]
[Black "Pawntrader66"]
[Result "1-0"]
[ICCResult "Black resigns"]
[WhiteElo "1754"]
[BlackElo "1608"]
[Opening "Vienna: `Frankenstein-Dracula' variation"]
[ECO "C27"]
[NIC "VG.02"]
[Time "18:40:01"]
[TimeControl "120+12"]

1. e4 e5 2. Nc3 Nf6 3. Bc4 Nxe4 4. Qh5 Nd6 5. Bb3 Nc6 6. Nb5 g6 7. Qf3 f5 8.
Qd5 Qe7 9. Nxc7+ Kd8 10. Nxa8 b6 11. d3 Bb7 12. Nxb6 axb6 13. Qf3 e4 14.
dxe4 Nxe4 15. Be3 Nd4 16. Bxd4 Ng3+ 17. Qe3 Qxe3+ 18. fxe3 Nxh1 19. Bxh8
Bxg2 20. Bd4 Bd6 21. Bxb6+ Ke7 22. h3 Bg3+ 23. Kd2 Nf2 24. a4 Ne4+ 25. Ke2
{Black resigns}
1-0

[Event "GambitGuide"]
[Site "Internet Chess Club"]
[Date "2014.10.31"]
[Round "1"]
[White "JSBach"]
[Black "nsideurheadbro"]
[Result "1-0"]
[ICCResult "Black checkmated"]
[WhiteElo "1754"]
[BlackElo "1184"]
[Opening "Vienna: `Frankenstein-Dracula' variation"]
[ECO "C27"]
[NIC "VG.02"]
[Time "18:39:44"]
[TimeControl "120+12"]

1. e4 e5 2. Nc3 Nf6 3. Bc4 Nxe4 4. Qh5 Nd6 5. Bb3 Nc6 6. Nb5 g6 7. Qf3 f5 8.
Qd5 Qe7 9. Nxc7+ Kd8 10. Nxa8 b6 11. d3 Bb7 12. Nxb6 axb6 13. Qf3 Nd4 14.
Qh3 f4 15. Ba4 g5 16. c3 h5 17. cxd4 exd4+ 18. Be3 dxe3 19. Bd1 g4 20. Bxg4
exf2+ 21. Kxf2 Bg7 22. Bxh5 Ba6 23. Re1 Qf6 24. Kf1 Qxb2 25. Ne2 Be5 26. Kg1
Qd2 27. Qh4+ Kc7 28. Rc1+ Kb7 29. Bf3+ Ka7 30. Qe7 Bxd3 31. Qxe5 Bxe2 32.
Rc7+ Ka6 33. Bxe2+ Nc4 34. Bxc4+ b5 35. Qxb5# {Black checkmated} 1-0

[Event "GambitGuide"]
[Site "Internet Chess Club"]
[Date "2014.10.31"]
[Round "1"]
[White "JSBach"]
[Black "graccus"]
[Result "1-0"]
[ICCResult "Black resigns"]
[WhiteElo "1754"]
[BlackElo "1350"]
[Opening "Vienna: `Frankenstein-Dracula' variation"]
[ECO "C27"]
[NIC "VG.02"]
[Time "18:38:01"]
[TimeControl "120+12"]

1. e4 e5 2. Nc3 Nf6 3. Bc4 Nxe4 4. Qh5 Nd6 5. Bb3 Nc6 6. Nb5 g6 7. Qf3 f5 8.
Qd5 Qe7 9. Nxc7+ Kd8 10. Nxa8 b6 11. d3 Bb7 12. Nxb6 axb6 13. Qf3 e4 14.
dxe4 fxe4 15. Qe3 Bg7 16. Qxb6+ Kc8 17. c4 Rf8 18. c5 Nf5 19. Bf4 Be5 20.
Bxe5 Qxe5 21. Bc2 Nfd4 22. Ba4 Qf4 23. Nh3 Qg4 24. O-O Ne2+ 25. Kh1 Ncd4 26.
Qd6 Qxg2+ 27. Kxg2 e3+ 28. c6 Bxc6+ 29. Bxc6 dxc6 30. Qxf8+ {Black resigns}
1-0

[Event "GambitGuide"]
[Site "Internet Chess Club"]
[Date "2014.10.31"]
[Round "1"]
[White "JSBach"]
[Black "tazmanfox66"]
[Result "1-0"]
[ICCResult "Black resigns"]
[WhiteElo "1754"]
[BlackElo "1524"]
[Opening "Vienna: `Frankenstein-Dracula' variation"]
[ECO "C27"]
[NIC "VG.02"]
[Time "18:39:53"]
[TimeControl "120+12"]

1. e4 e5 2. Nc3 Nf6 3. Bc4 Nxe4 4. Qh5 Nd6 5. Bb3 Nc6 6. Nb5 g6 7. Qf3 f5 8.
Qd5 Qe7 9. Nxc7+ Kd8 10. Nxa8 b6 11. d3 Bb7 12. Nxb6 axb6 13. Qf3 Kc8 14.
Be3 Nd4 15. Qh3 f4 16. Bxd4 exd4+ 17. Ne2 Bg7 18. Kf1 Re8 19. Nxf4 Qf6 20.
Qxh7 Nf5 21. Qxg6 Ne3+ 22. fxe3 dxe3 23. Qxe8+ Kc7 24. Qxe3 Bh6 25. Qf2 Bxf4
26. Re1 Qg5 27. c4 Bd2 28. Re2 Bb4 29. Qg3+ Qxg3 30. hxg3 Bc5 31. Rh4 Bc6
32. g4 b5 33. g5 bxc4 34. dxc4 {Black resigns} 1-0

[Event "GambitGuide"]
[Site "Internet Chess Club"]
[Date "2014.10.31"]
[Round "1"]
[White "JSBach"]
[Black "ziwenzhou"]
[Result "1-0"]
[ICCResult "Black resigns"]
[WhiteElo "1754"]
[BlackElo "2034"]
[Opening "Vienna: `Frankenstein-Dracula' variation"]
[ECO "C27"]
[NIC "VG.02"]
[Time "18:41:12"]
[TimeControl "120+12"]

1. e4 e5 2. Nc3 Nf6 3. Bc4 Nxe4 4. Qh5 Nd6 5. Bb3 Nc6 6. Nb5 g6 7. Qf3 f5 8.
Qd5 Qe7 9. Nxc7+ Kd8 10. Nxa8 b6 11. d3 Bb7 12. Nxb6 axb6 13. Qf3 Nd4 14.
Qg3 f4 15. Qg4 g5 16. Bd2 h5 17. Qd1 Bxg2 18. c3 Nc6 19. Bd5 Bxd5 20. f3 g4
21. Qe2 h4 22. Qf2 g3 23. Qxb6+ Kc8 24. Qa6+ Nb7 25. Qa8+ Kc7 26. hxg3 fxg3
27. c4 Be6 28. f4 Bh6 29. Qxh8 Bxf4 30. Bxf4 exf4 31. Qxh4 Qd6 32. Nf3 Nc5
33. O-O Nxd3 34. b3 Qc5+ 35. Kg2 Nd4 36. Rad1 Nxf3 37. Rxf3 Ne5 38. Rxf4
{Black resigns}
1-0

[Event "GambitGuide"]
[Site "Internet Chess Club"]
[Date "2014.10.31"]
[Round "1"]
[White "JSBach"]
[Black "tazmanfox66"]
[Result "1-0"]
[ICCResult "Black resigns"]
[WhiteElo "1754"]
[BlackElo "1524"]
[Opening "Vienna: `Frankenstein-Dracula' variation"]
[ECO "C27"]
[NIC "VG.02"]
[Time "18:42:29"]
[TimeControl "120+12"]

1. e4 e5 2. Nc3 Nf6 3. Bc4 Nxe4 4. Qh5 Nd6 5. Bb3 Nc6 6. Nb5 g6 7. Qf3 f5 8.
Qd5 Qe7 9. Nxc7+ Kd8 10. Nxa8 b6 11. d3 Bb7 12. Nxb6 axb6 13. Qf3 e4 14. Qe3
exd3 15. cxd3 Qxe3+ 16. Bxe3 Nb5 17. Bxb6+ Kc8 18. Rc1 Bb4+ 19. Kf1 Nd4 20.
Bxd4 {Black resigns} 1-0

[Event "GambitGuide"]
[Site "Internet Chess Club"]
[Date "2014.10.31"]
[Round "1"]
[White "JSBach"]
[Black "joppie"]
[Result "1-0"]
[ICCResult "Black resigns"]
[WhiteElo "1754"]
[BlackElo "1684"]
[Opening "Vienna: `Frankenstein-Dracula' variation"]
[ECO "C27"]
[NIC "VG.02"]
[Time "18:41:56"]
[TimeControl "120+12"]

1. e4 e5 2. Nc3 Nf6 3. Bc4 Nxe4 4. Qh5 Nd6 5. Bb3 Nc6 6. Nb5 g6 7. Qf3 f5 8.
Qd5 Qe7 9. Nxc7+ Kd8 10. Nxa8 b6 11. d3 Bg7 12. Nh3 Bb7 13. Bg5 Bf6 14. Nxb6
axb6 15. g3 e4 16. Bxf6 Qxf6 17. dxe4 Nxe4 18. O-O-O Qe7 19. Rhe1 Qg7 20. f3
Nf6 21. Qb5 Kc7 22. Nf4 Qh6 23. Qd3 Rd8 24. Qd6+ Kc8 25. Qxf6 g5 26. Qxh6
{Black resigns}
1-0

[Event "GambitGuide"]
[Site "Internet Chess Club"]
[Date "2014.10.31"]
[Round "1"]
[White "JSBach"]
[Black "nihil95"]
[Result "1-0"]
[ICCResult "Black resigns"]
[WhiteElo "1754"]
[BlackElo "1645"]
[Opening "Vienna: `Frankenstein-Dracula' variation"]
[ECO "C27"]
[NIC "VG.02"]
[Time "18:41:17"]
[TimeControl "120+12"]

1. e4 e5 2. Nc3 Nf6 3. Bc4 Nxe4 4. Qh5 Nd6 5. Bb3 Nc6 6. Nb5 g6 7. Qf3 f5 8.
Qd5 Qe7 9. Nxc7+ Kd8 10. Nxa8 b6 11. d3 Nb4 12. Qf3 Bb7 13. Qe3 Bg7 14. a3
Nd5 15. Bxd5 Bxd5 16. Nxb6 axb6 17. Qxb6+ Ke8 18. Nf3 e4 19. Bg5 Bf6 20.
Bxf6 Qxf6 21. dxe4 fxe4 22. Qd4 Qxd4 23. Nxd4 Nc4 24. b3 Ne5 25. c4 Bb7 26.
O-O h5 27. h4 Rf8 28. a4 Ng4 29. b4 Rf4 30. a5 Nf6 31. a6 Ba8 32. b5 Rxh4
33. b6 {Black resigns} 1-0

[Event "GambitGuide"]
[Site "Internet Chess Club"]
[Date "2014.10.31"]
[Round "1"]
[White "JSBach"]
[Black "ziwenzhou"]
[Result "1-0"]
[ICCResult "Black resigns"]
[WhiteElo "1757"]
[BlackElo "2034"]
[Opening "Vienna: `Frankenstein-Dracula' variation"]
[ECO "C27"]
[NIC "VG.02"]
[Time "18:42:39"]
[TimeControl "120+12"]

1. e4 e5 2. Nc3 Nf6 3. Bc4 Nxe4 4. Qh5 Nd6 5. Bb3 Nc6 6. Nb5 g6 7. Qf3 f5 8.
Qd5 Qe7 9. Nxc7+ Kd8 10. Nxa8 b6 11. d3 Bb7 12. Nxb6 axb6 13. Qf3 Nd4 14.
Qg3 f4 15. Qg4 g5 16. Bd2 h5 17. Qd1 Bxg2 18. c3 N4f5 19. Bd5 Bxd5 20. f3 g4
21. Qe2 h4 22. Qf2 g3 23. Qxb6+ Ke8 24. hxg3 Nxg3 25. Rh3 Nc8 26. Qc7 Qc5
27. Qxc5 Bxc5 28. d4 exd4 29. Bxf4 dxc3 30. bxc3 Bxg1 31. Bxg3 Bxf3 32. Bxh4
Bg4 33. Rg3 Rxh4 34. Rxg1 Ne7 35. a4 Be6 36. a5 Nc6 37. Kf2 Rc4 38. Rg3 Rc5
39. a6 Ra5 40. Rxa5 Nxa5 41. a7 Bd5 42. Rg5 Ba8 43. Rg8+ {Black resigns} 1-0

[Event "GambitGuide"]
[Site "Internet Chess Club"]
[Date "2014.10.31"]
[Round "1"]
[White "JSBach"]
[Black "tazmanfox66"]
[Result "1-0"]
[ICCResult "Black resigns"]
[WhiteElo "1757"]
[BlackElo "1524"]
[Opening "Vienna: `Frankenstein-Dracula' variation"]
[ECO "C27"]
[NIC "VG.02"]
[Time "18:43:13"]
[TimeControl "120+12"]

1. e4 e5 2. Nc3 Nf6 3. Bc4 Nxe4 4. Qh5 Nd6 5. Bb3 Nc6 6. Nb5 g6 7. Qf3 f5 8.
Qd5 Qe7 9. Nxc7+ Kd8 10. Nxa8 b6 11. d3 Bb7 12. Nxb6 axb6 13. Qf3 e4 14.
dxe4 Nxe4 15. Be3 Bg7 16. Bxb6+ Kc8 17. Qe3 Bxb2 18. Rb1 Bc3+ 19. Kd1 Bb4
20. Rb2 Ba3 21. Rb1 Nc3+ 22. Qxc3 {Black resigns} 1-0

[Event "GambitGuide"]
[Site "Internet Chess Club"]
[Date "2014.10.31"]
[Round "1"]
[White "JSBach"]
[Black "joppie"]
[Result "1-0"]
[ICCResult "Black resigns"]
[WhiteElo "1757"]
[BlackElo "1684"]
[Opening "Vienna: `Frankenstein-Dracula' variation"]
[ECO "C27"]
[NIC "VG.02"]
[Time "18:43:16"]
[TimeControl "120+12"]

1. e4 e5 2. Nc3 Nf6 3. Bc4 Nxe4 4. Qh5 Nd6 5. Bb3 Nc6 6. Nb5 g6 7. Qf3 f5 8.
Qd5 Qe7 9. Nxc7+ Kd8 10. Nxa8 b6 11. d3 Bg7 12. h4 Bb7 13. Bg5 Bf6 14. Nxb6
axb6 15. Nf3 e4 16. dxe4 Nxe4 17. Be3 Re8 18. Bxb6+ Kc8 19. O-O-O Nxf2 20.
Bxf2 Qe2 21. Rhe1 Qxf2 22. Rxe8+ Kc7 23. Qd6+ Kb6 24. Rd2 Qf1+ 25. Re1 Qb5
26. Qxf6 {Black resigns} 1-0

[Event "GambitGuide"]
[Site "Internet Chess Club"]
[Date "2014.10.31"]
[Round "1"]
[White "JSBach"]
[Black "fearlessone"]
[Result "0-1"]
[ICCResult "White checkmated"]
[WhiteElo "1757"]
[BlackElo "1812"]
[Opening "Vienna: `Frankenstein-Dracula' variation"]
[ECO "C27"]
[NIC "VG.02"]
[Time "18:42:17"]
[TimeControl "120+12"]

1. e4 e5 2. Nc3 Nf6 3. Bc4 Nxe4 4. Qh5 Nd6 5. Bb3 Nc6 6. Nb5 g6 7. Qf3 f5 8.
Qd5 Qe7 9. Nxc7+ Kd8 10. Nxa8 b6 11. d3 Bb7 12. Nxb6 axb6 13. Qf3 Bg7 14.
Be3 Nd4 15. Qh3 Nxb3 16. Bxb6+ Kc8 17. axb3 g5 18. b4 h5 19. Ra7 f4 20. Ra5
g4 21. Rc5+ Kb8 22. Bc7+ Ka7 23. Ra5+ Ba6 24. Bxd6 Qxd6 25. Rxa6+ Kxa6 26.
b5+ Kxb5 27. Qh4 Bf6 28. c4+ Ka6 29. c5 Qe6 30. Qxf6 Qxf6 31. h3 f3 32. hxg4
fxg2 33. Rxh5 Rxh5 34. gxh5 Qf5 35. b4 Qxh5 36. d4 exd4 37. f3 Qh1 38. Kf2
Kb5 39. f4 Kxb4 40. c6 dxc6 41. f5 Qh5 42. Kxg2 Qg5+ 43. Kh1 Qxf5 44. Kg2
Qg5+ 45. Kf1 Qxg1+ 46. Kxg1 Kc3 47. Kf2 Kc2 48. Kg3 d3 49. Kf3 d2 50. Kf4
d1=Q 51. Kg3 c5 52. Kf4 c4 53. Kf5 c3 54. Ke4 Kd2 55. Kf4 c2 56. Ke5 c1=Q
57. Kd5 Ke1+ 58. Ke4 Qc4+ 59. Ke5 Qdd5+ 60. Kf6 Qcc6+ 61. Kg7 Qdd7+ 62. Kf8
Qcc8# {White checkmated} 0-1

[Event "GambitGuide"]
[Site "Internet Chess Club"]
[Date "2014.10.31"]
[Round "1"]
[White "JSBach"]
[Black "sibirica"]
[Result "1-0"]
[ICCResult "Black resigns"]
[WhiteElo "1757"]
[BlackElo "2349"]
[Opening "Vienna: `Frankenstein-Dracula' variation"]
[ECO "C27"]
[NIC "VG.02"]
[Time "18:42:50"]
[TimeControl "120+12"]

1. e4 e5 2. Nc3 Nf6 3. Bc4 Nxe4 4. Qh5 Nd6 5. Bb3 Nc6 6. Nb5 g6 7. Qf3 f5 8.
Qd5 Qe7 9. Nxc7+ Kd8 10. Nxa8 b6 11. d3 Bb7 12. Nxb6 axb6 13. Qf3 Nd4 14.
Qg3 f4 15. Qg4 h5 16. Qxg6 Rh7 17. Ba4 Rg7 18. Qxh5 Bxg2 19. Bd2 Bxh1 20.
O-O-O N6f5 21. c3 Rg5 22. Qh8 Bc6 23. Bxc6 Nxc6 24. d4 Qg7 25. Qxg7 Bxg7 26.
dxe5 Bxe5 27. Nf3 Rh5 28. Nxe5 Nxe5 29. Bxf4 Nf3 30. Rd5 Ke7 31. Rb5 d6 32.
b4 Ke6 33. Rxb6 Nxh2 34. a4 Nf3 35. a5 Rh1+ 36. Kc2 Rf1 37. Bg3 Nxg3 38.
fxg3 Rf2+ 39. Kd3 Ne5+ 40. Kd4 Rd2+ 41. Ke4 Rc2 42. Kd4 Rd2+ 43. Ke4 Nc4 44.
Rc6 Rg2 45. Rxc4 {Black resigns} 1-0

[Event "GambitGuide"]
[Site "Internet Chess Club"]
[Date "2014.10.31"]
[Round "1"]
[White "JSBach"]
[Black "ziwenzhou"]
[Result "0-1"]
[ICCResult "White checkmated"]
[WhiteElo "1757"]
[BlackElo "2034"]
[Opening "Vienna: `Frankenstein-Dracula' variation"]
[ECO "C27"]
[NIC "VG.02"]
[Time "18:43:50"]
[TimeControl "120+12"]

1. e4 e5 2. Nc3 Nf6 3. Bc4 Nxe4 4. Qh5 Nd6 5. Bb3 Nc6 6. Nb5 g6 7. Qf3 f5 8.
Qd5 Qe7 9. Nxc7+ Kd8 10. Nxa8 b6 11. d3 Bb7 12. Nxb6 axb6 13. Qf3 Nd4 14.
Qg3 f4 15. Qg4 g5 16. Ba4 h5 17. Qd1 Bxg2 18. c3 Nc6 19. Qb3 b5 20. Ne2 bxa4
21. Qb6+ Kc8 22. Qa6+ Kc7 23. Rg1 Bf3 24. Qxa4 Bxe2 25. Kxe2 e4 26. dxe4
Qxe4+ 27. Qxe4 Nxe4 28. Kf3 d5 29. a4 Bd6 30. Rd1 g4+ 31. Kg2 f3+ 32. Kg1
Ne7 33. a5 Bc5 34. Bf4+ Kb7 35. Bg3 h4 36. a6+ Ka7 37. Be5 Bxf2+ 38. Kf1 Rh5
39. Bd6 Nc8 40. Bc7 g3 41. Bxg3 hxg3 42. hxg3 Rh1# {White checkmated} 0-1

[Event "GambitGuide"]
[Site "Internet Chess Club"]
[Date "2014.10.31"]
[Round "1"]
[White "JSBach"]
[Black "nightplayer"]
[Result "1-0"]
[ICCResult "Black resigns"]
[WhiteElo "1757"]
[BlackElo "1436"]
[Opening "Vienna: `Frankenstein-Dracula' variation"]
[ECO "C27"]
[NIC "VG.02"]
[Time "18:41:33"]
[TimeControl "120+12"]

1. e4 e5 2. Nc3 Nf6 3. Bc4 Nxe4 4. Qh5 Nd6 5. Bb3 Nc6 6. Nb5 g6 7. Qf3 f5 8.
Qd5 Qe7 9. Nxc7+ Kd8 10. Nxa8 b6 11. d3 Bb7 12. Nxb6 axb6 13. Qf3 Nd4 14.
Qg3 e4 15. Bg5 h6 16. Bxe7+ Bxe7 17. Qe5 Re8 18. Qxd4 exd3 19. Qxb6+ Kc8 20.
Qc5+ Kb8 21. Qb4 Ne4 22. Qd4 Bc5 23. Qxd7 Re7 24. Qd8+ Ka7 25. Qa5+ Kb8 26.
Kf1 d2 27. f3 Nf2 28. Qxc5 Rd7 29. Qe5+ Ka8 30. Qe8+ Ka7 31. Qxd7 Nxh1 32.
Bd5 {Black resigns} 1-0

[Event "GambitGuide"]
[Site "Internet Chess Club"]
[Date "2014.10.31"]
[Round "1"]
[White "JSBach"]
[Black "imortaliss"]
[Result "1-0"]
[ICCResult "Black resigns"]
[WhiteElo "1757"]
[BlackElo "2010"]
[Opening "Vienna: `Frankenstein-Dracula' variation"]
[ECO "C27"]
[NIC "VG.02"]
[Time "18:41:54"]
[TimeControl "120+12"]

1. e4 e5 2. Nc3 Nf6 3. Bc4 Nxe4 4. Qh5 Nd6 5. Bb3 Nc6 6. Nb5 g6 7. Qf3 f5 8.
Qd5 Qe7 9. Nxc7+ Kd8 10. Nxa8 b6 11. d3 Bb7 12. Nxb6 axb6 13. Qf3 Bg7 14.
Be3 Nd4 15. Qh3 g5 16. Rc1 g4 17. Qh5 f4 18. Bxd4 exd4+ 19. Kf1 Rf8 20. Qxg4
Nf5 21. Re1 Ne3+ 22. fxe3 fxe3+ 23. Nf3 Qf6 24. Kg1 Bxf3 25. gxf3 Qxf3 26.
Qxf3 Rxf3 27. Re2 Bf6 28. Kg2 Rf5 29. Rf1 Rg5+ 30. Kh3 Be7 31. Rf7 Rh5+ 32.
Kg4 Rg5+ 33. Kf3 Rg1 34. Rxh7 Rf1+ 35. Ke4 {Black resigns} 1-0

[Event "GambitGuide"]
[Site "Internet Chess Club"]
[Date "2014.10.31"]
[Round "1"]
[White "JSBach"]
[Black "luckypawns"]
[Result "1-0"]
[ICCResult "Black resigns"]
[WhiteElo "1757"]
[BlackElo "1815"]
[Opening "Vienna: `Frankenstein-Dracula' variation"]
[ECO "C27"]
[NIC "VG.02"]
[Time "18:44:02"]
[TimeControl "120+12"]

1. e4 e5 2. Nc3 Nf6 3. Bc4 Nxe4 4. Qh5 Nd6 5. Bb3 Nc6 6. Nb5 g6 7. Qf3 f5 8.
Qd5 Qe7 9. Nxc7+ Kd8 10. Nxa8 b6 11. d3 Bb7 12. Nxb6 axb6 13. Qf3 Nd4 14.
Qg3 Bg7 15. Bg5 Bf6 16. Bxf6 Qxf6 17. Ba4 b5 18. Bb3 h5 19. c3 g5 20. cxd4
f4 21. Qh3 g4 22. Rc1 gxh3 23. Nxh3 Bxg2 24. Rg1 Bxh3 25. d5 Re8 26. a4 Bf5
27. axb5 e4 28. dxe4 Rxe4+ 29. Kf1 Nxb5 30. Rg8+ Ke7 31. Rb1 Rb4 32. d6+
Nxd6 33. Re1+ Be6 34. Bd1 Kf7 35. Rg2 Bc4+ 36. Kg1 Nf5 37. Bxh5+ Qg6 38.
Bxg6+ Kf6 39. Re4 d5 40. Rxf4 Bd3 41. Rxb4 {Black resigns} 1-0

[Event "GambitGuide"]
[Site "Internet Chess Club"]
[Date "2014.10.31"]
[Round "1"]
[White "JSBach"]
[Black "sibirica"]
[Result "1-0"]
[ICCResult "Black resigns"]
[WhiteElo "1757"]
[BlackElo "2349"]
[Opening "Vienna: `Frankenstein-Dracula' variation"]
[ECO "C27"]
[NIC "VG.02"]
[Time "18:44:47"]
[TimeControl "120+12"]

1. e4 e5 2. Nc3 Nf6 3. Bc4 Nxe4 4. Qh5 Nd6 5. Bb3 Nc6 6. Nb5 g6 7. Qf3 f5 8.
Qd5 Qe7 9. Nxc7+ Kd8 10. Nxa8 b6 11. d3 Bb7 12. Nxb6 axb6 13. Qf3 Nd4 14.
Qg3 f4 15. Qg4 e4 16. Kf1 Bh6 17. Bxf4 Bxf4 18. Qxf4 Rf8 19. Qe3 N6f5 20.
Qf4 e3 21. Qb8+ Bc8 22. Qxb6+ Ke8 23. Qc7 exf2 24. Qxc8+ Qd8 25. Qxd8+ Kxd8
26. Kxf2 {Black resigns} 1-0

[Event "GambitGuide"]
[Site "Internet Chess Club"]
[Date "2014.10.31"]
[Round "1"]
[White "JSBach"]
[Black "joppie"]
[Result "1-0"]
[ICCResult "Black resigns"]
[WhiteElo "1757"]
[BlackElo "1684"]
[Opening "Vienna: `Frankenstein-Dracula' variation"]
[ECO "C27"]
[NIC "VG.02"]
[Time "18:44:11"]
[TimeControl "120+12"]

1. e4 e5 2. Nc3 Nf6 3. Bc4 Nxe4 4. Qh5 Nd6 5. Bb3 Nc6 6. Nb5 g6 7. Qf3 f5 8.
Qd5 Qe7 9. Nxc7+ Kd8 10. Nxa8 b6 11. d3 Bg7 12. h4 Bb7 13. Bg5 Bf6 14. Nxb6
axb6 15. Bxf6 Qxf6 16. Qf3 Re8 17. Qg3 e4 18. O-O-O Na5 19. Ba4 b5 20. Bb3
Nxb3+ 21. axb3 Nf7 22. Qb8+ Bc8 23. Qxb5 Ne5 24. dxe4 fxe4 25. Rd2 Ng4 26.
Qc5 e3 27. fxe3 Nxe3 28. Qb5 Ng4 29. Nf3 Qf4 30. Qa5+ Ke7 31. Re1+ Kf7 32.
Qd5+ Kg7 33. Rxe8 Nf6 34. Re7+ Kh6 35. Qg5+ Qxg5 36. hxg5+ Kh5 37. gxf6
{Black resigns}
1-0

[Event "GambitGuide"]
[Site "Internet Chess Club"]
[Date "2014.10.31"]
[Round "1"]
[White "JSBach"]
[Black "sibirica"]
[Result "1-0"]
[ICCResult "Black resigns"]
[WhiteElo "1757"]
[BlackElo "2349"]
[Opening "Vienna: `Frankenstein-Dracula' variation"]
[ECO "C27"]
[NIC "VG.02"]
[Time "18:45:49"]
[TimeControl "120+12"]

1. e4 e5 2. Nc3 Nf6 3. Bc4 Nxe4 4. Qh5 Nd6 5. Bb3 Nc6 6. Nb5 g6 7. Qf3 f5 8.
Qd5 Qe7 9. Nxc7+ Kd8 10. Nxa8 b6 11. d3 Nd4 12. Nh3 Bb7 13. Bg5 Nxb3 14.
Bxe7+ {Black resigns} 1-0

[Event "GambitGuide"]
[Site "Internet Chess Club"]
[Date "2014.10.31"]
[Round "1"]
[White "JSBach"]
[Black "graccus"]
[Result "1-0"]
[ICCResult "Black resigns"]
[WhiteElo "1757"]
[BlackElo "1350"]
[Opening "Vienna: `Frankenstein-Dracula' variation"]
[ECO "C27"]
[NIC "VG.02"]
[Time "18:45:05"]
[TimeControl "120+12"]

1. e4 e5 2. Nc3 Nf6 3. Bc4 Nxe4 4. Qh5 Nd6 5. Bb3 Nc6 6. Nb5 g6 7. Qf3 f5 8.
Qd5 Qe7 9. Nxc7+ Kd8 10. Nxa8 b6 11. d3 Bb7 12. Nxb6 axb6 13. Qf3 Nd4 14.
Qg3 f4 15. Qg4 f3 16. Nxf3 Nxf3+ 17. gxf3 Bg7 18. Be3 Nf5 19. Bxb6+ Kc8 20.
O-O Rf8 21. Qc4+ {Black resigns} 1-0

[Event "GambitGuide"]
[Site "Internet Chess Club"]
[Date "2014.10.31"]
[Round "1"]
[White "JSBach"]
[Black "SpinalTap"]
[Result "0-1"]
[ICCResult "White checkmated"]
[WhiteElo "1757"]
[BlackElo "2664"]
[Opening "Vienna: `Frankenstein-Dracula' variation"]
[ECO "C27"]
[NIC "VG.02"]
[Time "18:43:20"]
[TimeControl "120+12"]

1. e4 e5 2. Nc3 Nf6 3. Bc4 Nxe4 4. Qh5 Nd6 5. Bb3 Nc6 6. Nb5 g6 7. Qf3 f5 8.
Qd5 Qe7 9. Nxc7+ Kd8 10. Nxa8 b6 11. d3 Bb7 12. Nxb6 axb6 13. Qf3 Nd4 14.
Qh3 e4 15. Be3 exd3 16. O-O-O Nxb3+ 17. cxb3 Ba6 18. Bxb6+ Kc8 19. Nf3 Bg7
20. Rhe1 Qf7 21. Ne5 Qd5 22. f4 Kb7 23. Bf2 Rc8+ 24. Kb1 Ne4 25. Nxd3 Bxd3+
26. Rxd3 Qc6 27. Bc5 Nxc5 28. Rf3 Ne4 29. Rc3 Bxc3 30. bxc3 Qxc3 31. Qxc3
Rxc3 32. b4 d5 33. b5 Kb6 34. a4 Kc5 35. Kb2 d4 36. Rd1 Rc4 37. Kb3 Rb4+ 38.
Ka3 Nc3 39. Re1 Rxa4+ 40. Kb2 Rb4+ 41. Kc2 Rxb5 42. Kd3 Rb2 43. Re7 Nd5 44.
Re5 Rxg2 45. h3 Rg3+ 46. Ke2 Rxh3 47. Kd1 Kc4 48. Re8 d3 49. Rc8+ Kd4 50.
Rd8 Rh2 51. Kc1 Rf2 52. Rd7 h5 53. Rd6 Rg2 54. Rd8 Ke4 55. Re8+ Kxf4 56. Kd1
h4 57. Re6 g5 58. Re8 h3 59. Rd8 Ne3+ 60. Kc1 Ke4 61. Re8+ Kf3 62. Rh8 g4
63. Kb1 f4 64. Rd8 d2 65. Rd7 d1=Q+ 66. Rxd1 Nxd1 67. Kc1 Rc2+ 68. Kxd1 Rd2+
69. Ke1 g3 70. Kxd2 h2 71. Kc3 h1=Q 72. Kd4 g2 73. Kc5 g1=Q+ 74. Kd6 Qd1+
75. Kc5 Qhf1 76. Kb4 Qfd3 77. Kc5 Q3c2+ 78. Kb6 Qdb1+ 79. Ka5 Qca2#
{White checkmated}
0-1

[Event "GambitGuide"]
[Site "Internet Chess Club"]
[Date "2014.10.31"]
[Round "1"]
[White "JSBach"]
[Black "imortaliss"]
[Result "1-0"]
[ICCResult "Black checkmated"]
[WhiteElo "1757"]
[BlackElo "2010"]
[Opening "Vienna: `Frankenstein-Dracula' variation"]
[ECO "C27"]
[NIC "VG.02"]
[Time "18:45:21"]
[TimeControl "120+12"]

1. e4 e5 2. Nc3 Nf6 3. Bc4 Nxe4 4. Qh5 Nd6 5. Bb3 Nc6 6. Nb5 g6 7. Qf3 f5 8.
Qd5 Qe7 9. Nxc7+ Kd8 10. Nxa8 b6 11. d3 Bb7 12. Nxb6 Nd4 13. Bg5 Qxg5 14.
Qxe5 Bg7 15. Qxg7 Re8+ 16. Kd1 Nxb3 17. Qxd7# {Black checkmated} 1-0